 Dungeon Crawl Stone Soup version 0.27.0-1-g7a089689b8 (webtiles) character file.

Game seed: 6982959928647714549

111 HungrySpirit the Skirmisher (level 4, -8/39 HPs)
             Began as a Mummy Abyssal Knight on Aug 1, 2021.
             Was a Follower of Lugonu.
             Mangled by Sigmund (17 damage)
             ... on level 3 of the Dungeon.
             The game lasted 00:03:46 (2670 turns).

HungrySpirit the Skirmisher (Mummy Abyssal Knight)  Turns: 2670, Time: 00:03:47

Health: -8/39      AC: 12    Str: 15    XL:     4   Next: 62%
Magic:  5/5        EV:  6    Int: 11    God:    Lugonu [*.....]
Gold:   125        SH:  0    Dex: 12    Spells: 3/3 levels left

rFire    x . .     SeeInvis .   a - +1 short sword
rCold    + . .     Faith    .   (no shield)
rNeg     + + +     Spirit   .   c - +0 chain mail
rPois    ∞         Reflect  .   (no helmet)
rElec    .         Harm     .   (no cloak)
rCorr    .         Rampage  .   (no gloves)
Will     .....                  (no boots)
Stlth    ..........             f - amulet of the acrobat
HPRegen  0.13/turn              b - +4 ring of protection
MPRegen  0.09/turn              (no ring)

@: no status effects
A: cold resistance 1, negative energy resistance 3, torment resistance 2, heat
vulnerability 1, no potions
a: Renounce Religion, Depart the Abyss


You were on level 3 of the Dungeon.
You worshipped Lugonu.
Lugonu was aware of your devotion.
You visited 1 branch of the dungeon, and saw 3 of its levels.
You visited the Abyss 1 time.

You collected 125 gold pieces.

Inventory:

Hand Weapons
 a - a +1 short sword (weapon)
Missiles
 d - 5 poisoned darts (quivered)
 g - a throwing net
Armour
 c - a +0 chain mail (worn)
Jewellery
 b - a +4 ring of protection (left hand)
 f - an amulet of the acrobat (around neck)
 i - a +4 ring of protection
Scrolls
 e - a scroll of identify {unknown}
 h - a scroll of enchant armour {unknown}
 j - a scroll of torment {unknown}


   Skills:
 + Level 5.4 Fighting
 - Level 1.5 Short Blades
 - Level 1.5 Armour
 - Level 0.7 Dodging
 - Level 1.5 Invocations


You had 3 spell levels left.
You didn't know any spells.
Your spell library contained the following spells:

 Spells                   Type           Power      Damage    Failure   Level
 Corona                   Hex            0%         N/A       100%        1
 Summon Small Mammal      Summ           0%         N/A       100%        1
 Ensorcelled Hibernation  Hex/Ice        0%         N/A       100%        2
 Call Canine Familiar     Summ           0%         N/A       100%        3
 Summon Guardian Golem    Hex/Summ       0%         N/A       100%        3
 Tukima's Dance           Hex            0%         N/A       100%        3


Dungeon Overview and Level Annotations

Branches:
Dungeon (3/15)

Altars:
Xom

Annotations:
D:3 Jessica, Sigmund


Innate Abilities, Weirdness & Mutations

You are immune to poison.
Your flesh is cold resistant. (rC+)
You are immune to negative energy. (rN+++)
You are immune to unholy pain and torment.
You are vulnerable to heat. (rF-)
You do not drink.


Message History

Jessica the Apprentice Sorceress comes into view.
She is wielding a +0 dagger.
Jessica shouts!
Unknown command.
Throw: 7 darts (poison)
Press: ? - help, Q - select action, (/) - cycle Shift-Dir - straight line, f/p - Sigmund
Aim: Sigmund, wielding a +0 scythe and wearing a +1 robe of fire resistance (moderately wounded, extremely poisoned, 53% to hit)
You throw a poisoned dart. The poisoned dart hits the endoplasm.
Sigmund screams, "You will never...
NEVER!!!"
There is a stone staircase leading up here.
You swing at nothing.
You hit the endoplasm but do no damage. The endoplasm freezes you.
You are frozen.
You resist.
You hit the endoplasm.
The endoplasm is heavily wounded.
Sigmund drinks a potion.
Sigmund seems to grow stronger.
The endoplasm closely misses you.
You hit the endoplasm.
The endoplasm is severely wounded.
Sigmund hits you from afar with a +0 scythe!
The endoplasm freezes you.
You are frozen.
You resist.
You completely miss the endoplasm.
The endoplasm is severely wounded.
Sigmund hits you but does no damage.
The endoplasm hits you but does no damage.
You hit the endoplasm.
You kill the endoplasm!
Lugonu accepts your kill.
Sigmund hits you from afar with a +0 scythe!
* * * LOW HITPOINT WARNING * * *
Sigmund hits you but does no damage.
Throw: 6 darts (poison)
Press: ? - help, Q - select action, (/) - cycle Shift-Dir - straight line, f - Sigmund
Aim: Sigmund, wielding a +0 scythe and wearing a +1 robe of fire resistance (severely wounded, strong, very poisoned, 53% to hit)
You throw a poisoned dart.
The poisoned dart barely misses Sigmund.
The poisoned dart hits Jessica.
Sigmund hits you from afar with a +0 scythe!
You die...

#..(.
+..(
#.(.
#..
#.(
#@#
#@#
#.#
#@#
#.#
###


You could see Sigmund (strong, very poisoned) and Jessica.

Vanquished Creatures
  A gnoll (D:2)
  5 adders (D:2)
  A worm (D:2)
  A ball python (D:1)
  5 endoplasms
  3 giant cockroaches
  6 goblins
  4 hobgoblins
  8 kobolds
  2 quokkas (D:2)
  4 bats
  6 frilled lizards
  6 rats
52 creatures vanquished.

Notes
Turn   | Place    | Note
-------+----------+-------------------------------------------
     0 | Abyss:1  | HungrySpirit the Mummy Abyssal Knight began the quest for
                  | the Orb.
     0 | Abyss:1  | Reached XP level 1. HP: 18/18 MP: 2/2
    51 | Abyss:1  | Noticed a small abomination
   123 | Abyss:1  | Noticed a small abomination
   146 | Abyss:1  | Noticed a smoke demon
   156 | Abyss:1  | Noticed an ophan
   158 | D:1      | Escaped the Abyss
   489 | D:1      | Reached XP level 2. HP: 21/24 MP: 3/3
   689 | D:1      | Reached * piety under Lugonu
   930 | D:1      | Reached skill level 4 in Fighting
  1325 | D:2      | Found a shimmering altar of Xom.
  1385 | D:2      | Reached XP level 3. HP: 30/30 MP: 4/4
  1744 | D:2      | Found a faded altar of an unknown god.
  1755 | D:2      | Reached XP level 4. HP: 35/38 MP: 5/5
  1925 | D:2      | Reached skill level 5 in Fighting
  2655 | D:3      | Noticed Sigmund
  2661 | D:3      | Noticed Jessica
  2670 | D:3      | Mangled by Sigmund

Illustrated notes

Levels and vault maps discovered:
D:1:      tarquinn_simple_flora_water_b, layout_rooms
D:2:      minmay_chambers_of_twos, layout_basic, basic_altar,
          ebering_ecumenical_altar_rust
D:3:      layout_basic, serial_shops, shop, uniq_jessica, uniq_ijyb,
          uniq_grinder, uniq_sigmund

Skill      XL: |  1  2  3  4 |
---------------+-------------+-----
Fighting       | 4 5 |  5.4
Short Blades   | |  1.5
Armour         | |  1.5
Dodging        | |  0.7
Invocations    | |  1.5

Action                   |  1- 3 |  4- 6 || total
-------------------------+-------+-------++-------
Melee: Short sword       |   180 |    67 ||   247
Throw: Dart              |       |    16 ||    16
Invok: Depart the Abyss  |     1 |       ||     1
Armor: Chain mail        |   120 |    52 ||   172
Dodge: Dodged            |    89 |    39 ||   128
